 Dungeon Crawl Stone Soup version 0.31-a0-424-g41b3b0883d (webtiles) character file.

Game seed: 17754779749195897316

9156 AIAndy the Grappler (level 11, -1/75 HPs)
             Began as an Octopode Shapeshifter on July 30, 2023.
             Was a Priest of Nemelex Xobeh.
             Slain by a troll (14 damage)
             ... on level 11 of the Dungeon.
             The game lasted 00:34:46 (10884 turns).

AIAndy the Grappler (Octopode Shapeshifter)        Turns: 10884, Time: 00:34:47

Health: -1/75      AC:  1    Str: 19    XL:     11   Next: 42%
Magic:  16/16      EV: 13    Int: 11    God:    Nemelex Xobeh [***...]
Gold:   571        SH:  0    Dex: 18    Spells: 10/10 levels left

rFire   . .          .
                       - Unarmed
rCold   . . .        (no shield)
rNeg    . . .        (helmet currently unavailable)
rPois   .            (no amulet)
rElec   .            Z - ring of wizardry
rCorr   .            X - +6 ring of dexterity
SInv    .            (no ring)
Will    .....        (no ring)
Stlth   +++          (no ring)
HPRegen 0.32/turn    (no ring)
MPRegen 0.15/turn    (no ring)
                     (no ring)

%: wizardry (x1)
@: beast-form, invisible
A: beast (slay +6), almost no armour, amphibious, 8 rings, camouflage 1,
gelatinous body 1, (nimble swimmer 1), tentacles
a: Begin Untransformation, Renounce Religion, Draw Escape, Draw Destruction,
Draw Summoning, Triple Draw


You were on level 11 of the Dungeon.
You worshipped Nemelex Xobeh.
Nemelex Xobeh was most pleased with you.
You were a hulking beast.
You visited 2 branches of the dungeon, and saw 12 of its levels.

You collected 794 gold pieces.
You spent 223 gold pieces at shops.


Innate Abilities, Weirdness & Mutations

You are a hulking beast.
Your limbs bulge with bestial killing power. (Slay +6)
You cannot wear most types of armour.
You are amphibious.
You can wear up to eight rings at the same time.
Your skin changes colour to match your surroundings (Stealth+).
Your rubbery body absorbs attacks. (AC +1, EV +1)
((You are camouflaged when in or above water. (Stealth+)))
You have tentacles for arms and can constrict up to eight enemies at once.


   Skills:
 + Level 7.2 Fighting
 - Level 2.0 Dodging
 + Level 10.7 Unarmed Combat
 + Level 7.8 Invocations
 - Level 9.1 Shapeshifting


You had 10 spell levels left.
You didn't know any spells.
Your spell library contained the following spells:

 Spells                   Type           Power      Damage    Failure   Level
 Apportation              Tloc           0%         N/A       14%         1
 Necrotise                Necr           0%         1d4       14%         1
 Slow                     Hex            0%         N/A       14%         1
 Summon Small Mammal      Summ           0%         N/A       14%         1
 Inner Flame              Hex/Fire       0%         N/A       38%         3
 Anguish                  Hex/Necr       0%         N/A       77%         4
 Flame Wave               Conj/Fire      0%         2d4       77%         4
 Leda's Liquefaction      Hex/Erth       0%         N/A       77%         4
 Sticky Flame             Conj/Fire      0%         2d3       77%         4

Inventory:

Hand Weapons
 e - the +9 rapier of Zexzyc Fuos {freeze, rPois rF+ rC+}
   (You found it on level 8 of the Dungeon)

   rF:        It protects you from fire.
   rC:        It protects you from cold.
   rPois:     It protects you from poison.
Missiles
 c - 2 throwing nets {=f}
 d - a boomerang
 j - 4 poisoned darts (quivered)
 v - 2 javelins
Magical Staves
 i - a staff of conjuration {!a}
 u - a staff of poison
Jewellery
 X - a +6 ring of dexterity (right tentacle)
 Z - a ring of wizardry (left tentacle)
Talismans
 b - a beast talisman (active)
Wands
 y - a wand of polymorph (3)
 A - a wand of flame (16)
 C - a wand of roots (4)
Scrolls
 f - 2 scrolls of fog
 g - 2 scrolls of teleportation {@r4}
 k - a scroll of poison {!r}
 l - 3 scrolls of fear {unknown}
 o - 3 scrolls of enchant weapon
 p - 2 scrolls of blinking {unknown}
 q - a scroll of amnesia {unknown}
 w - a scroll of revelation
 B - a scroll of enchant armour
 D - a scroll of identify {@r1}
Potions
 a - 2 potions of lignification {!q}
 h - 4 potions of curing {@q1}
 n - a potion of berserk rage {!q}
 r - a potion of magic
 s - 2 potions of brilliance
 t - 2 potions of attraction {!q}
 z - a potion of haste {unknown}

Dungeon Overview and Level Annotations

Branches:
Dungeon (11/15)            Temple (1/1) D:5            Lair (0/5) D:10
    Orc: D:9-12

Altars:
Ashenzari
Cheibriados
Dithmenos
Elyvilon
Fedhas
Gozag
Hepliaklqana
Kikubaaqudgha
Makhleb
Nemelex Xobeh
Okawaru
Qazlal
Ru
Sif Muna
Trog
Uskayaw
Vehumet
Wu Jian
Xom
Yredelemnul
Zin
The Shining One

Shops:
D:6 [[*!   D:9 (

Annotations:
D:9 2 runed translucent doors, exclusion: orange demon, Amaemon
D:10 1 runed translucent door, Joseph

▒▒▒▒▒▒
▒.....▒▒▒▒
▒▒▒▒.h)▒
▒...▒▒T▒
▒.▒▒.▒.▒ ▒
▒[.(▒.▒
▒.▒.▒▒.▒
▒.▒▒...▒
▒...▒▒▒▒.▒
▒.▒▒▒▒.....▒
▒.....▒▒▒▒▒▒.▒


You could see a troll (unable to see you).


Message History

You catch the helpless yaktaur completely off-guard!
You bludgeon the yaktaur!
The yaktaur is severely wounded.
The troll bites you.
* * * LOW HITPOINT WARNING * * *
The troll closely misses you. The troll claws you.
* * * LOW HITPOINT WARNING * * *
The yaktaur wields a +0 arbalest.
The yaktaur shoots a bolt.
The bolt hits you!
* * * LOW HITPOINT WARNING * * *
You feel much better. The troll bites you.
* * * LOW HITPOINT WARNING * * *
The troll barely misses you. The troll claws you.
* * * LOW HITPOINT WARNING * * *
You tentacle-slap the yaktaur.
The yaktaur is almost dead.
The yaktaur unwields a +0 arbalest.
The yaktaur barely misses you.
You tentacle-slap the yaktaur. x2
You kill the yaktaur!
The troll bites you.
* * * LOW HITPOINT WARNING * * *
The troll completely misses you. The troll misses you.
You catch the helpless troll completely off-guard!
You tentacle-slap the troll.
The troll is lightly wounded.
You catch the helpless troll completely off-guard!
You bludgeon the troll!
The troll is heavily wounded.
The troll closely misses you. The troll claws you!
You die...
Your body disappears without a glow.

Skill      XL: |  1  2  3  4  5  6  7  8  9 10 11 |
---------------+----------------------------------+-----
Unarmed Combat | 4 5 6 8 9 10 | 10.7
Shapeshifting  | 4 5 6 7 8 9 |  9.1
Invocations    | 2 4 6 7 |  7.8
Fighting       | 2 4 6 7 |  7.2
Dodging        | |  2.0

Action                     |  1- 3 |  4- 6 |  7- 9 | 10-12 || total
---------------------------+-------+-------+-------+-------++-------
  Melee: Unarmed           |    61 |    51 |   169 |   169 ||   450
         Constrict         |    12 |    12 |    48 |    22 ||    94
         Tentacles         |     9 |    16 |    41 |    42 ||   108
         Punch             |       |     1 |    14 |    12 ||    27
  Throw: Dart              |       |       |     3 |     9 ||    12
         Throwing net      |       |       |       |     2 ||     2
         Javelin           |       |       |       |     1 ||     1
 Invoke: Draw Destruction  |       |       |       |     9 ||     9
         Draw Summoning    |       |       |       |     2 ||     2
  Evoke: Wand              |     2 |     8 |    16 |     3 ||    29
    Use: Potion            |       |     3 |       |     6 ||     9
         Scroll            |       |     5 |     5 |     1 ||    11
   Stab: Sleeping          |     8 |     1 |     3 |     3 ||    15
         Invisible         |       |       |     6 |     3 ||     9
         Paralysed         |       |       |    11 |       ||    11
 Armour: Skin              |     4 |     4 |     3 |    13 ||    24
  Dodge: Dodged            |    28 |    56 |    75 |   128 ||   287

Levels and vault maps discovered:
D:1:      matt_arrival_spirals, layout_loops_corners,
          hellmonk_ecumenical_altar_leap_of_faith
D:2:      layout_loops_ring
D:3:      layout_basic, uniq_terence, uniq_pargi, uniq_sigmund, uniq_robin
D:4:      kennysheep_slugbush, layout_basic, guppyfry_early_orc_mine,
          uniq_edmund
D:5:      layout_basic, marbit_many_paths, minmay_temple_entry_glassed_door,
          serial_bayou, serial_bayou_pond_d, serial_bayou_crossing,
          serial_bayou_pond_a, serial_bayou_pond_a, serial_bayou_pond_e,
          uniq_grinder, uniq_menkaure
D:6:      layout_basic, mainiacjoe_overflow_six_doors_small, serial_shops,
          nicolae_lakefront_shop, shop, shop_statue, nicolae_diamond_shop,
          uniq_duvessa, uniq_pikel
D:7:      layout_basic, fiery_altar_vehumet, lemuel_doored_altar,
          kennysheep_generic_room_8
D:8:      layout_gridville, minmay_between
D:9:      lemuel_insect_pit, layout_basic, trog_ov_bears_minmay, serial_shops,
          nicolae_shop_mannequins, uniq_amaemon
D:10:     due_megacathedral, layout_basic, nicolae_overflow_hidden_temple,
          lair_entry_dummy, minmay_misc_feat_x, nrook_mini_vaults, uniq_joseph
D:11:     minmay_distorted_concentric_squares, layout_stronghold, enter_trove_1,
          gauntlet_entry_generic, hangedman_abyss_or_decor_stabs, uniq_nergalle
Temple:   nicolae_temple_superstar

Notes
Turn   | Place    | Note
-------+----------+-------------------------------------------
     0 | D:1      | AIAndy the Octopode Shapeshifter began the quest for the
                  | Orb.
     0 | D:1      | Reached XP level 1. HP: 13/13 MP: 1/1
   316 | D:1      | Reached XP level 2. HP: 18/18 MP: 2/2
   758 | D:1      | Found a faded altar of an unknown god.
  1361 | D:2      | Reached XP level 3. HP: 23/23 MP: 3/3
  1810 | D:3      | Noticed Robin
  1817 | D:3      | Reached XP level 4. HP: 28/28 MP: 4/4
  1819 | D:3      | Reached skill level 4 in Unarmed Combat
  1820 | D:3      | Killed Robin
  1844 | D:3      | Noticed Terence
  1852 | D:3      | Killed Terence
  1980 | D:3      | Reached skill level 4 in Shapeshifting
  2153 | D:3      | Noticed Pargi
  2158 | D:3      | Noticed Sigmund
  2172 | D:3      | Killed Pargi
  2173 | D:3      | Reached XP level 5. HP: 13/33 MP: 5/5
  2316 | D:3      | Killed Sigmund
  2317 | D:3      | Reached skill level 5 in Unarmed Combat
  2317 | D:3      | Reached XP level 6. HP: 27/38 MP: 6/6
  2513 | D:4      | Reached skill level 5 in Shapeshifting
  2664 | D:4      | Noticed an orc warrior
  2669 | D:4      | Killed an orc warrior
  2670 | D:4      | Reached XP level 7. HP: 43/43 MP: 7/7
  2671 | D:4      | Reached skill level 6 in Unarmed Combat
  2717 | D:4      | Noticed Edmund
  2727 | D:4      | Killed Edmund
  3325 | D:5      | Entered Level 5 of the Dungeon
  3378 | D:5      | Reached skill level 6 in Shapeshifting
  3378 | D:5      | Reached XP level 8. HP: 41/48 MP: 8/8
  3384 | D:5      | Reached skill level 7 in Unarmed Combat
  3428 | D:5      | Noticed Menkaure
  3437 | D:5      | Killed Menkaure
  3578 | D:5      | Found a glowing silver altar of Zin.
  3653 | D:5      | Noticed Grinder
  3661 | D:5      | Killed Grinder
  3725 | D:5      | Found a staircase to the Ecumenical Temple.
  3729 | Temple   | Entered the Ecumenical Temple
  3740 | Temple   | Became a worshipper of Nemelex Xobeh the Trickster
  3958 | D:5      | Reached skill level 1 in Invocations
  4180 | D:6      | Found Dugotoiz's Assorted Antiques.
  4257 | D:6      | Found Lelaloer's Antique Armour Emporium.
  4265 | D:6      | Reached skill level 8 in Unarmed Combat
  4326 | D:6      | Reached skill level 2 in Fighting
  4326 | D:6      | Reached skill level 2 in Invocations
  4326 | D:6      | Reached skill level 7 in Shapeshifting
  4536 | D:6      | Reached XP level 9. HP: 51/54 MP: 10/10
  4588 | D:6      | Noticed Pikel
  4597 | D:6      | Killed Pikel
  4598 | D:6      | Reached skill level 3 in Fighting
  4598 | D:6      | Reached skill level 3 in Invocations
  4644 | D:6      | Found Bisat's Antique Armour Shoppe.
  4671 | D:6      | Found a snail-covered altar of Cheibriados.
  4711 | D:6      | Reached * piety under Nemelex Xobeh
  4714 | D:6      | Noticed Duvessa
  4715 | D:6      | Noticed Dowan
  4721 | D:6      | Killed Duvessa
  4726 | D:6      | Killed Dowan
  4799 | D:6      | Bought a viscous dark potion for 26 gold pieces
  4799 | D:6      | Bought a scroll labelled ZAIT JE ECEOSA for 29 gold pieces
  4799 | D:6      | Bought a scroll of identify for 58 gold pieces
  4912 | D:6      | Found Tiebb's Distillery.
  4921 | D:6      | Bought a potion of brilliance for 40 gold pieces
  4921 | D:6      | Bought a potion of attraction for 30 gold pieces
  4921 | D:6      | Bought a potion of might for 40 gold pieces
  5000 | D:6      | Received a gift from Nemelex Xobeh
  5430 | D:7      | Found a stormy altar of Qazlal.
  5469 | D:7      | Found a radiant altar of Vehumet.
  5496 | D:7      | Reached skill level 4 in Invocations
  5541 | D:7      | Reached skill level 4 in Fighting
  5733 | D:7      | Noticed a hornet
  5740 | D:7      | Killed a hornet
  5741 | D:7      | Reached skill level 9 in Unarmed Combat
  6334 | D:8      | Reached XP level 10. HP: 44/65 MP: 13/13
  6336 | D:8      | Reached skill level 5 in Invocations
  6410 | D:7      | Reached skill level 8 in Shapeshifting
  6514 | D:7      | Reached skill level 5 in Fighting
  7330 | D:8      | Noticed a two-headed ogre
  7339 | D:8      | Killed a two-headed ogre
  7340 | D:8      | Reached skill level 6 in Invocations
  7343 | D:8      | Identified the -1 long sword "Heinal" {flame, rElec Str+7
                  | Dex-3 Stlth+}
  7349 | D:8      | Identified the +9 rapier of Zexzyc Fuos {freeze, rPois rF+
                  | rC+}
  7505 | D:8      | Reached ** piety under Nemelex Xobeh
  7908 | D:9      | Reached skill level 6 in Fighting
  8007 | D:9      | Found Cimucuge's Weapon Shoppe.
  8007 | D:9      | Noticed a +0 giant club
  8007 | D:9      | Noticed a +0 triple sword
  8035 | D:9      | Found a runed translucent door.
  8037 | D:9      | Found a runed translucent door.
  8067 | D:9      | Noticed Amaemon
  8286 | D:9      | Reached skill level 10 in Unarmed Combat
  8365 | D:9      | Found a bloodstained altar of Trog.
  8667 | D:9      | Noticed an orange demon
  8854 | D:10     | Entered Level 10 of the Dungeon
  8880 | D:10     | Reached XP level 11. HP: 69/74 MP: 16/16
  9010 | D:10     | Reached skill level 7 in Invocations
  9149 | D:10     | Found a shimmering altar of Xom.
  9150 | D:10     | Noticed Joseph
  9209 | D:10     | Found a runed translucent door.
  9223 | D:10     | Got the Encyclopedia of Hexes
  9302 | D:10     | Found a shimmering altar of Xom.
  9312 | D:10     | Found a blossoming altar of Fedhas.
  9325 | D:10     | Found a sparkling altar of Nemelex Xobeh.
  9337 | D:10     | Found an ornate altar of the Wu Jian Council.
  9665 | D:10     | Found an opulent altar of Gozag.
  9687 | D:10     | Reached skill level 9 in Shapeshifting
  9705 | D:10     | Found an ancient bone altar of Kikubaaqudgha.
  9854 | D:10     | Reached *** piety under Nemelex Xobeh
  9901 | D:10     | Found a staircase to the Lair.
 10140 | D:10     | Reached skill level 7 in Fighting
 10345 | D:10     | Paralysed by a hornet for 2 turns
 10713 | D:10     | Noticed a flayed ghost
 10879 | D:11     | HP: 2/75 [yaktaur/bolt (15)]
 10884 | D:11     | Slain by a troll

Vanquished Creatures
  A two-headed ogre (D:8)
  Pikel (D:6)
  An unseen horror (D:11)
  A yaktaur (D:11)
  A troll (D:10)
  2 hornets
  Grinder (D:5)
  Sigmund (D:3)
  2 vampires
  3 shadows (D:10)
  3 wraiths (D:10)
  9 yaks
  2 wyverns
  A fire bat (D:10)
  A steam dragon (D:10)
  Menkaure (D:5)
  Edmund (D:4)
  Duvessa (D:6)
  A water moccasin (D:8)
  3 sky beasts (D:7)
  2 ice beasts
  Pargi (D:3)
  3 orc warriors
  4 black bears
  2 ogres
  2 centaurs
  3 lemures (D:6)
  A phantom (D:6)
  A kobold brigand (D:9)
  4 scorpions
  Dowan (D:6)
  7 killer bees
  4 howler monkeys
  5 orc priests
  2 jellies
  2 hounds (D:6)
  A gnoll bouda (D:6)
  An iguana (D:6)
  Terence (D:3)
  10 orc wizards
  Robin (D:3)
  5 gnolls (D:6)
  3 adders
  A white imp (D:7)
  2 ufetubi (D:5)
  2 worms (D:2)
  11 dart slugs
  35 orcs
  7 ball pythons
  6 endoplasms
  A giant cockroach (D:3)
  12 goblins
  4 hobgoblins
  4 jackals (D:3)
  10 kobolds
  3 quokkas
  13 bats
  A frilled lizard (D:3)
  6 rats
221 creatures vanquished.

Vanquished Creatures (collateral kills)
  A sky beast (D:8)
1 creature vanquished.

Vanquished Creatures (others)
  A jelly (D:7)
  An orc wizard (D:7)
  4 orcs
6 creatures vanquished.

Grand Total: 228 creatures vanquished

Table legend: (Time is in decaauts)
 A = Elapsed time spent in this place.
 B = Non-inter-level travel time spent in this place.
 C = Inter-level travel time spent in this place.
 D = Time resting spent in this place.
 E = Time spent auto-exploring this place.
 F = Levels seen in this place.
 G = Mean time per level.
                   A        B        C        D        E       F      G
               +--------+--------+--------+--------+--------+-----+--------+
         Total |  10853 |  10365 |    488 |    977 |   7877 |  12 |  904.4 |
       Dungeon |  10830 |  10362 |    468 |    977 |   7877 |  11 |  984.5 |
        Temple |     22 |      2 |     20 |      0 |      0 |   1 |   22.0 |
               +--------+--------+--------+--------+--------+-----+--------+

Top non-repeatable levels by time:
    D:10: 1909 daAuts
     D:7: 1564 daAuts
     D:6: 1197 daAuts
     D:1: 1126 daAuts
     D:8: 953 daAuts
     D:9: 941 daAuts
     D:3: 851 daAuts
     D:4: 849 daAuts
     D:5: 819 daAuts
     D:2: 487 daAuts
    D:11: 129 daAuts
  Temple: 22 daAuts

Table legend:
 A = Non-vault XP
 B = Vault XP
 C = Vault XP percentage of total XP
 D = Non-vault monster count
 E = Vault monster count
 F = Vault count percentage of total count
                 A         B        C        D         E       F
            +---------+---------+-------+---------+---------+-------
      Total |    8305 |    4776 |  36.5 |     167 |      52 |  23.7
            +---------+---------+-------+---------+---------+-------
        D:1 |      27 |       0 |   0.0 |      17 |       0 |   0.0
        D:2 |      13 |       0 |   0.0 |       5 |       0 |   0.0
        D:3 |      44 |     429 |  90.7 |      19 |      14 |  42.4
        D:4 |     165 |     413 |  71.5 |       9 |      18 |  66.7
        D:5 |     525 |     438 |  45.5 |      20 |       3 |  13.0
        D:6 |     718 |     863 |  54.6 |      22 |       3 |  12.0
        D:7 |    1959 |       3 |   0.2 |      23 |       1 |   4.2
        D:8 |    1801 |     584 |  24.5 |      14 |       4 |  22.2
        D:9 |     974 |     259 |  21.0 |      14 |       2 |  12.5
       D:10 |    1862 |    1051 |  36.1 |      23 |       5 |  17.9
       D:11 |     217 |     736 |  77.2 |       1 |       2 |  66.7
            +---------+---------+-------+---------+---------+-------
